 Dungeon Crawl Stone Soup version 0.29-a0-103-g37f86683bf (webtiles) character file.

Game seed: 7239763294833769890

112 frimble the Chiller (level 4, 0/35 HPs)
             Began as a Gnoll Ice Elementalist on Feb 14, 2022.
             Succumbed to a kobold brigand's curare-tipped dart
             ... in a sewer on Feb 15, 2022.
             The game lasted 00:05:18 (3027 turns).

frimble the Chiller (Gnoll Ice Elementalist)        Turns: 3027, Time: 00:05:18

Health: 0/35       AC:  3    Str:  5 (7)  XL:     4   Next: 95%
Magic:  11/11      EV: 13    Int: 15 (16) God:
Gold:   105        SH:  0    Dex: 10 (13) Spells: 6/13 levels left

rFire   . . .      SeeInvis .   c - +1 trident
rCold   . . .      Faith    .   (no shield)
rNeg    . . .      Spirit   .   a - +0 robe
rPois   .          Reflect  .   (no helmet)
rElec   .          Harm     .   (no cloak)
rCorr   .          Rampage  .   (no gloves)
Will    .....      Rage     1%  k - +0 pair of boots
Stlth   +.........              (no amulet)
HPRegen 0.11/turn               (no ring)
MPRegen 0.12/turn               (no ring)

@: lethally poisoned (0 -> -16), slowed, very slow
A: fangs 1, strong nose, distributed training, berserk 1, robust 1, wild magic 1
a: no special abilities


You were in a sewer.
You visited 1 branch of the dungeon, and saw 3 of its levels.
You also visited: Sewer.

You collected 105 gold pieces.

Inventory:

Hand Weapons
 c - a +1 trident (weapon)
Armour
 a - a +0 robe (worn)
 k - a +0 pair of boots (worn)
 m - a +0 kite shield
Jewellery
 f - a +6 ring of dexterity
Scrolls
 g - a scroll of acquirement
 j - a scroll of vulnerability {unknown}
 l - a scroll of identify {unknown}
Potions
 b - a potion of mutation
 e - a potion of heal wounds {unknown}
 h - a potion of curing {unknown}
 i - a potion of lignification {unknown}


   Skills:
 + Level 1.2 Fighting
 + Level 1.2 Short Blades
 + Level 1.2 Long Blades
 + Level 1.2 Axes
 + Level 1.2 Maces & Flails
 + Level 1.2 Polearms
 + Level 1.2 Staves
 + Level 1.2 Slings
 + Level 1.2 Bows
 + Level 1.2 Crossbows
 + Level 1.2 Throwing
 + Level 1.2 Armour
 + Level 4.7 Dodging
 + Level 4.3 Stealth
 + Level 1.2 Shields
 + Level 1.2 Unarmed Combat
 + Level 5.1 Spellcasting
 + Level 1.0 Conjurations
 + Level 1.0 Hexes
 + Level 1.0 Summonings
 + Level 1.0 Necromancy
 + Level 1.0 Translocations
 + Level 1.0 Transmutations
 + Level 1.0 Fire Magic
 + Level 7.1 Ice Magic
 + Level 1.0 Air Magic
 + Level 1.0 Earth Magic
 + Level 1.0 Poison Magic
 + Level 1.4 Invocations
 + Level 1.2 Evocations


You had 6 spell levels left.
You knew the following spells:

 Your Spells              Type           Power      Damage    Failure   Level
a - Freeze                Ice            100%       1d11      1%          1
b - Ozocubu's Armour      Ice            33%        N/A       4%          3
c - Frozen Ramparts       Ice            66%        1d8       4%          3

Your spell library contained the following spells:

 Spells                   Type           Power      Damage    Failure   Level
 Hailstorm                Conj/Ice       21%        3d6       38%         4


Dungeon Overview and Level Annotations

Branches:
Dungeon (3/15)              Sewer (1/1)

Altars:


Innate Abilities, Weirdness & Mutations

You have very sharp teeth.
Your uncanny sense of smell can sniff out nearby items.
Your experience applies equally to all skills.
You tend to lose your temper in combat.
You are robust. (+10% HP)
Your spells are a little harder to cast, but a little more powerful.


Message History

The jackal is lightly wounded.
The jackal bites you but does no damage. x2
You completely miss the jackal.
The jackal is lightly wounded.
The jackal closely misses you. x2
You closely miss the jackal. The jackal bites you.
The jackal pauses to sniff the ground.
The jackal barely misses you.
You completely miss the jackal. You punch the jackal.
The jackal is lightly wounded.
The jackal barely misses you.
You hit the jackal.
You kill the jackal!
The kobold brigand throws a curare-tipped dart.
The curare-tipped dart hits you.
You are poisoned.
You have difficulty breathing.
You feel yourself slow down.
You enter the shallow water.
Moving in this stuff is going to be slow.
You feel extremely sick.
The kobold brigand throws a curare-tipped dart.
The curare-tipped dart hits you.
You are lethally poisoned!
You have difficulty breathing.
You feel as though you will be slow longer.
You are too injured to fight recklessly!
You are too injured to fight recklessly!
You are too injured to fight recklessly!
You are too injured to fight recklessly!
You aren't carrying any items that you can evoke.
It was a potion of mutation.
You feel extremely strange.
You feel a little pissed off.
You feel robust.
You feel less in control of your magic.
* * * LOW HITPOINT WARNING * * *
You feel extremely sick.
Okay, then.
It was a potion of degeneration.
There was something very wrong with that liquid.
You feel weakened.
You feel dopey.
You feel clumsy.
You die...

#..≈....# #≈≈≈≈≈..#
#.≈≈≈≈≈≈# #.≈≈≈≈≈.#
#≈≈≈≈≈≈≈# #.≈≈≈≈≈.#
#≈.≈≈K≈.#
##############..@≈K≈.#
≈≈≈≈≈≈≈≈≈≈≈≈≈≈≈≈≈≈≈≈≈#
##############..≈≈≈..#
##≈≈≈≈.## #.≈≈≈.#
#.≈≈≈.# #.≈≈≈..∩
#.≈≈≈.## .≈≈≈.#


You could see a kobold brigand and a kobold.

Vanquished Creatures
  An adder (D:2)
  A gnoll (D:1)
  2 river rats (D:3)
  2 worms (D:2)
  A dart slug (D:1)
  6 ball pythons
  6 endoplasms
  7 giant cockroaches
  7 goblins
  3 hobgoblins
  5 jackals
  6 kobolds
  A quokka (D:1)
  6 bats
  A frilled lizard (D:3)
  7 rats
62 creatures vanquished.

Notes
Turn   | Place    | Note
-------+----------+-------------------------------------------
     0 | D:1      | frimble the Gnoll Ice Elementalist began the quest for the
                  | Orb.
     0 | D:1      | Reached XP level 1. HP: 13/13 MP: 6/6
   285 | D:1      | Reached XP level 2. HP: 19/19 MP: 7/7
   352 | D:1      | Upgraded the game from 0.29-a0-100-g60f898f876 to
                  | 0.29-a0-103-g37f86683bf
   424 | D:1      | Found a faded altar of an unknown god.
   877 | D:1      | Reached skill level 5 in Spellcasting
   877 | D:1      | Reached XP level 3. HP: 12/25 MP: 4/9
  1107 | D:1      | Reached skill level 1 in Invocations
  1779 | D:2      | Reached skill level 1 in Fighting
  1779 | D:2      | Reached skill level 1 in Short Blades
  1779 | D:2      | Reached skill level 1 in Long Blades
  1779 | D:2      | Reached skill level 1 in Axes
  1779 | D:2      | Reached skill level 1 in Maces & Flails
  1779 | D:2      | Reached skill level 1 in Polearms
  1779 | D:2      | Reached skill level 1 in Staves
  1779 | D:2      | Reached skill level 1 in Slings
  1779 | D:2      | Reached skill level 1 in Bows
  1779 | D:2      | Reached skill level 1 in Crossbows
  1779 | D:2      | Reached skill level 1 in Throwing
  1779 | D:2      | Reached skill level 1 in Armour
  1779 | D:2      | Reached skill level 1 in Shields
  1779 | D:2      | Reached skill level 1 in Unarmed Combat
  1779 | D:2      | Reached skill level 1 in Evocations
  1784 | D:2      | Learned a level 3 spell: Ozocubu's Armour
  1874 | D:2      | Reached XP level 4. HP: 32/32 MP: 11/11
  2537 | D:2      | Identified a scroll of acquirement
  2648 | D:3      | Found a glowing drain.
  2673 | D:3      | Reached skill level 1 in Conjurations
  2673 | D:3      | Reached skill level 1 in Hexes
  2673 | D:3      | Reached skill level 1 in Summonings
  2673 | D:3      | Reached skill level 1 in Necromancy
  2673 | D:3      | Reached skill level 1 in Translocations
  2673 | D:3      | Reached skill level 1 in Transmutations
  2673 | D:3      | Reached skill level 1 in Fire Magic
  2673 | D:3      | Reached skill level 1 in Air Magic
  2673 | D:3      | Reached skill level 1 in Earth Magic
  2673 | D:3      | Reached skill level 1 in Poison Magic
  2713 | Sewer    | Entered a sewer
  2982 | Sewer    | Learned a level 3 spell: Frozen Ramparts
  3015 | Sewer    | Noticed a kobold brigand
  3026 | Sewer    | Gained mutation: You tend to lose your temper in combat.
                  | [potion of mutation]
  3026 | Sewer    | Gained mutation: You are robust. (+10% HP) [potion of
                  | mutation]
  3026 | Sewer    | Gained mutation: Your spells are a little harder to cast,
                  | but a little more powerful. [potion of mutation]
  3027 | Sewer    | Succumbed to a kobold brigand's curare-tipped dart

Illustrated notes

Levels and vault maps discovered:
D:1:      eino_arrival_druids_welcome, layout_basic, basic_ecumenical_altar
D:2:      layout_basic
D:3:      layout_loops_ring, nicolae_overflow_crystal_walls,
          makhleb_altar_promises_db, portal_sewer_entry_c, serial_shops,
          nicolae_shop_crystal, solitary_fountain
Sewer:    sewer_kobolds

Skill      XL: |  1  2  3  4 |
---------------+-------------+-----
Spellcasting   | 5 |  5.1
Invocations    | 1 |  1.4
Fighting       | 1 |  1.2
Short Blades   | 1 |  1.2
Long Blades    | 1 |  1.2
Axes           | 1 |  1.2
Maces & Flails | 1 |  1.2
Polearms       | 1 |  1.2
Staves         | 1 |  1.2
Slings         | 1 |  1.2
Bows           | 1 |  1.2
Crossbows      | 1 |  1.2
Throwing       | 1 |  1.2
Armour         | 1 |  1.2
Shields        | 1 |  1.2
Unarmed Combat | 1 |  1.2
Evocations     | 1 |  1.2
Conjurations   | 1 |  1.0
Hexes          | 1 |  1.0
Summonings     | 1 |  1.0
Necromancy     | 1 |  1.0
Translocations | 1 |  1.0
Transmutations | 1 |  1.0
Fire Magic     | 1 |  1.0
Air Magic      | 1 |  1.0
Earth Magic    | 1 |  1.0
Poison Magic   | 1 |  1.0
Dodging        | |  4.7
Stealth        | |  4.3
Ice Magic      | |  7.1

Action                   |  1- 3 |  4- 6 || total
-------------------------+-------+-------++-------
Melee: Trident           |    72 |    65 ||   137
       Unarmed           |     2 |       ||     2
       Bite              |     6 |     6 ||    12
       Punch             |     3 |     1 ||     4
 Cast: Freeze            |    24 |     9 ||    33
       Ozocubu's Armour  |       |     3 ||     3
  Use: Scroll            |     2 |       ||     2
       Potion            |       |     2 ||     2
 Stab: Sleeping          |     7 |     6 ||    13
       Distracted        |     1 |     2 ||     3
Armor: Robe              |    23 |    15 ||    38
Dodge: Dodged            |    61 |    34 ||    95

Table legend: (Time is in decaauts)
 A = Elapsed time spent in this place.
 B = Non-inter-level travel time spent in this place.
 C = Inter-level travel time spent in this place.
 D = Time resting spent in this place.
 E = Time spent auto-exploring this place.
 F = Levels seen in this place.
 G = Mean time per level.
                   A        B        C        D        E       F      G
               +--------+--------+--------+--------+--------+-----+--------+
         Total |   3100 |   2995 |    105 |    192 |   2277 |   4 |  775.0 |
       Dungeon |   2745 |   2640 |    105 |     33 |   2184 |   3 |  915.0 |
         Sewer |    355 |    355 |      0 |    159 |     93 |   1 |  355.0 |
               +--------+--------+--------+--------+--------+-----+--------+

Top non-repeatable levels by time:
     D:1: 1756 daAuts
     D:2: 836 daAuts
   Sewer: 355 daAuts
     D:3: 153 daAuts
